 Dungeon Crawl Stone Soup version 0.29-a0-1006-g0dd7720b37 (webtiles) character file.

Game seed: 6032865889838492599

25 quixfox the Digger (level 3, 0/20 HPs)
             Began as a Gargoyle Earth Elementalist on Aug 6, 2022.
             Slain by a gnoll
             ... wielding a +0 club
              (1 damage)
             ... on level 2 of the Dungeon.
             The game lasted 00:01:30 (974 turns).

quixfox the Digger (Gargoyle Earth Elementalist)     Turns: 974, Time: 00:01:31

Health: 0/20       AC:  5    Str: 11    XL:     3   Next: 4%
Magic:  0/6        EV: 11    Int: 17    God:
Gold:   33         SH:  0    Dex: 10    Spells: 5/6 levels left

rFire   . . .      SeeInvis .   h - +0 whip (venom)
rCold   . . .      Faith    .   (no shield)
rNeg    + . .      Spirit   .   a - +0 robe
rPois   ∞          Reflect  .   (no helmet)
rElec   +          Harm     .   (no cloak)
rCorr   .          Rampage  .   (no gloves)
Will    .....                   (no boots)
Stlth   ++........              (no amulet)
HPRegen 0.06/turn               (no ring)
MPRegen 0.10/turn               (no ring)

@: no status effects
A: sickness immunity, AC +3, negative energy resistance 1, electricity
resistance, torment resistance 1, petrification resistance
a: no special abilities


You were on level 2 of the Dungeon.
You visited 1 branch of the dungeon, and saw 2 of its levels.

You collected 33 gold pieces.

Inventory:

Hand Weapons
 h - a +0 whip of venom (weapon)
Armour
 a - a +0 robe (worn)
Scrolls
 c - a scroll of silence {unknown}
 d - a scroll of enchant weapon {unknown}
 f - a scroll of immolation {unknown}
 i - 2 scrolls of amnesia {unknown}
 j - a scroll of noise {unknown}
 k - a scroll of identify {unknown}
Potions
 b - a potion of magic
 e - 3 potions of curing {unknown}
 g - a potion of haste {unknown}
 l - a potion of brilliance {unknown}


   Skills:
 + Level 1.4 Fighting
 - Level 1.5 Dodging
 - Level 2.1 Stealth
 + Level 2.4 Spellcasting
 - Level 0.7 Transmutations
 + Level 4.1 Earth Magic


You had 5 spell levels left.
You knew the following spells:

 Your Spells              Type           Power      Damage    Failure   Level
a - Sandblast             Erth           32%        2d9       3%          1

Your spell library contained the following spells:

 Spells                   Type           Power      Damage    Failure   Level
 Passwall                 Tmut/Erth      8%         N/A       11%         2
 Stone Arrow              Conj/Erth      18%        3d8       24%         3
 Petrify                  Tmut/Erth      10%        N/A       56%         4


Dungeon Overview and Level Annotations

Branches:
Dungeon (2/15)

Altars:


Innate Abilities, Weirdness & Mutations

You are immune to sickness and miasma.
Your stone body is resilient. (AC +3)
You are immune to poison.
You resist negative energy. (rN+)
You are resistant to electric shocks. (rElec)
You are resistant to unholy torment.
You are immune to petrification.


Message History

Aim: an adder (heavily wounded, 70% to hit)
The blast of sand hits the adder.
The adder is severely wounded.
The adder barely misses you. x2
Aiming: Sandblast (safe; 4% risk of failure)
Press: ? - help, Q - select action Shift-Dir - straight line, f/p - adder
Aim: an adder (severely wounded, 70% to hit)
The blast of sand hits the adder.
You kill the adder!
The gnoll barely misses you.
You have reached level 3!
Your experience leads to an increase in your attributes!
Increase (S)trength, (I)ntelligence, or (D)exterity?
You feel clever. x2
Okay, then.
You aren't carrying any items that you can evoke.
Unknown command.
You completely miss the gnoll. The gnoll misses you.
The gnoll hits you with a +0 club.
You hit the gnoll but do no damage.
The gnoll is poisoned.
The gnoll hits you from afar with a +0 spear.
The gnoll closely misses you.
Aiming: Sandblast (safe; 3% risk of failure)
Press: ? - help, Q - select action Shift-Dir - straight line, f - gnoll
Aim: a gnoll, wielding a +0 club (very poisoned, 84% to hit)
The blast of sand misses the gnoll. x2
The gnoll barely misses you. The gnoll hits you with a +0 club.
The gnoll hits you but does no damage. x2
Aiming: Sandblast (safe; 3% risk of failure)
Press: ? - help, Q - select action Shift-Dir - straight line, f/p - gnoll
Aim: a gnoll, wielding a +0 club (lightly wounded, very poisoned, 84% to hit)
The blast of sand misses the gnoll.
The blast of sand hits the gnoll.
The gnoll is heavily wounded.
The gnoll hits you from afar with a +0 spear.
The gnoll hits you with a +0 club.
* * * LOW HITPOINT WARNING * * *
The gnoll hits you from afar with a +0 spear.
* * * LOW HITPOINT WARNING * * *
The gnoll hits you with a +0 club.
You die...

#### ....#####
........#
........#
........#
........######
....?...gg@..#
........####.#
>.......# #
........#
....g.#.#
.........
......#.#
......#.#


You could see 2 gnolls.

Vanquished Creatures
  An adder (D:2)
  A ball python (D:1)
  A giant cockroach (D:1)
  2 goblins (D:1)
  A hobgoblin (D:1)
  2 kobolds (D:1)
  A quokka (D:1)
  3 bats (D:1)
  A frilled lizard (D:1)
  3 rats (D:1)
16 creatures vanquished.

Notes
Turn   | Place    | Note
-------+----------+-------------------------------------------
     0 | D:1      | quixfox the Gargoyle Earth Elementalist began the quest for
                  | the Orb.
     0 | D:1      | Reached XP level 1. HP: 10/10 MP: 3/3
   418 | D:1      | Found a faded altar of an unknown god.
   422 | D:1      | Reached XP level 2. HP: 16/16 MP: 3/5
   463 | D:1      | Reached skill level 1 in Fighting
   480 | D:1      | Reached skill level 4 in Earth Magic
   971 | D:2      | Reached XP level 3. HP: 16/20 MP: 1/6
   974 | D:2      | HP: 1/20 [gnoll/+0 spear (5)]
   974 | D:2      | Slain by a gnoll

Illustrated notes

Levels and vault maps discovered:
D:1:      dpeg_arrival_central, layout_basic,
          chequers_ecumenical_altar_simple_redux, roderic_serpentine_path,
          minmay_misc_feat_square
D:2:      layout_basic, serial_shops, nicolae_shop_hallway_plus,
          uniq_crazy_yiuf_cottage

Skill      XL: |  1  2 |
---------------+-------+-----
Fighting       | 1 |  1.4
Earth Magic    | 4 |  4.1
Dodging        | |  1.5
Stealth        | |  2.1
Spellcasting   | |  2.4
Transmutations | |  0.7

Action                   || total
-------------------------++-------
Melee: Whip              ||     2
 Cast: Sandblast         ||    26
Armor: Robe              ||     6
Dodge: Dodged            ||    17

Table legend: (Time is in decaauts)
 A = Elapsed time spent in this place.
 B = Non-inter-level travel time spent in this place.
 C = Inter-level travel time spent in this place.
 D = Time resting spent in this place.
 E = Time spent auto-exploring this place.
 F = Levels seen in this place.
 G = Mean time per level.
                   A        B        C        D        E       F      G
               +--------+--------+--------+--------+--------+-----+--------+
         Total |    997 |    881 |    116 |      0 |    743 |   2 |  498.5 |
       Dungeon |    997 |    881 |    116 |      0 |    743 |   2 |  498.5 |
               +--------+--------+--------+--------+--------+-----+--------+

Top non-repeatable levels by time:
     D:1: 956 daAuts
     D:2: 41 daAuts
